 Dungeon Crawl Stone Soup version 0.28.0-45-g0d030f2227 (webtiles) character file.

Game seed: 11462316734260362715

15 zeratav the Insei (level 2, -4/18 HPs)
             Began as an Octopode Transmuter on Apr 7, 2022.
             Slain by a kobold
             ... wielding a +1 short sword of electrocution
              (18 damage)
             ... on level 1 of the Dungeon.
             The game lasted 00:01:15 (708 turns).

zeratav the Insei (Octopode Transmuter)              Turns: 708, Time: 00:01:16

Health: -4/18      AC:  1    Str:  9    XL:     2   Next: 50%
Magic:  5/5        EV: 13    Int: 15    God:
Gold:   15         SH:  0    Dex: 12    Spells: 4/5 levels left

rFire   . . .      SeeInvis .   a - +0 short sword {short}
rCold   . . .      Faith    .   (no shield)
rNeg    . . .      Spirit   .   (helmet restricted)
rPois   .          Reflect  .   (no amulet)
rElec   .          Harm     .   (no ring)
rCorr   .          Rampage  .   (no ring)
Will    .....                   (no ring)
Stlth   ++........              (no ring)
HPRegen 0.06/turn               (no ring)
MPRegen 0.09/turn               (no ring)
                                (no ring)
                                (no ring)

@: no status effects
A: almost no armour, amphibious, 8 rings, camouflage 1, gelatinous body 1,
(nimble swimmer 1), tentacles
a: no special abilities


You were on level 1 of the Dungeon.
You visited 1 branch of the dungeon, and saw 1 of its levels.

You collected 15 gold pieces.


Innate Abilities, Weirdness & Mutations

You cannot wear most types of armour.
You are amphibious.
You can wear up to eight rings at the same time.
Your skin changes colour to match your surroundings (Stealth+).
Your rubbery body absorbs attacks. (AC +1, EV +1)
((You are camouflaged when in or above water. (Stealth+)))
You have tentacles for arms and can constrict up to eight enemies at once.


   Skills:
 - Level 1.3 Fighting
 - Level 2.2 Dodging
 * Level 3.4 Unarmed Combat
 - Level 2.0 Spellcasting
 - Level 2.0 Transmutations


You had 4 spell levels left.
You knew the following spells:

 Your Spells              Type           Power      Damage    Failure   Level
a - Beastly Appendage     Tmut           14%        N/A       10%         1

Your spell library contained the following spells:

 Spells                   Type           Power      Damage    Failure   Level
 Wereblood                Tmut           7%         N/A       14%         2
 Spider Form              Tmut/Pois      4%         N/A       41%         3
 Ice Form                 Ice/Tmut       4%         N/A       82%         4

Inventory:

Hand Weapons
 a - a +0 short sword (weapon) {short}
   (You took it off a kobold on level 1 of the Dungeon)
Scrolls
 b - a scroll of identify {unknown}

Dungeon Overview and Level Annotations

Branches:
Dungeon (1/15)

Altars:

....###.#≈≈#.#.......#.#≈≈#
......#.#≈##+####+####+##≈#
......#.#≈#..+.......+..
......#.#≈#>.####+####.8
......#.#≈####≈≈≈.≈≈≈##
......#.#≈≈≈≈≈≈≈≈.≈≈≈≈≈
......#.#.........#
......#.#.######.##
......#.#'#....#@#
....###.....##.#K#
......#.....##.#.#
...####.....##.#.# ...#
#.....##†#.# ...#
#.....##.#.# #+##
#.#+#.##.#.# # #.#.#.##.#.#
# #.#.#.##.#


You could see a kobold.


Message History

The frilled lizard closely misses you.
You closely miss the frilled lizard. Your grab misses the frilled lizard.
The frilled lizard completely misses you.
You hit the frilled lizard but do no damage.
Your grab misses the frilled lizard. Your squeeze misses the frilled lizard.
The frilled lizard bites you.
HP[-2]
You take 2 damage, and now have 16/18 hp.
You hit the frilled lizard but do no damage.
You grab the frilled lizard. You constrict the frilled lizard.
The frilled lizard misses you.
You hit the frilled lizard but do no damage.
Your squeeze misses the frilled lizard. You constrict the frilled lizard.
You kill the frilled lizard!
No target in view!
No target in view!
No target in view!
No target in view!
No target in view!
No target in view!
No target in view!
No target in view!
No target in view!
No target in view!
No target in view!
No target in view!
You see here a frilled lizard corpse.
A goblin comes into view. It is wielding a +0 dagger.
HP[+2]
Your hp is fully restored (18).
The helpless goblin fails to defend itself.
You hit the goblin. You grab the goblin. You squeeze the goblin.
You kill the goblin!
No target in view!
No target in view!
No target in view!
No target in view!
No target in view!
No target in view!
No target in view!
No target in view!
Things that are here:
a +0 dagger {short}; a goblin corpse
b - a scroll labelled DODIESHUSO
Found a stone staircase leading down.
Casting: Beastly Appendage (safe; 10% risk of failure)
Confirm with . or Enter, or press ? or * to list all spells.
One of your tentacles grows a vicious spike.
MP[-1]
You lost 1 mp, and now have 4/5 mp.
Your transformation is almost over.
Your tentacle spike disappears.
There is a stone staircase leading down here.
A rat comes into view.
MP[+1]
Your mp is fully restored (5).
The helpless rat fails to defend itself.
You hit the rat. You grab the rat. You constrict the rat.
You kill the rat!
No target in view!
No target in view!
No target in view!
No target in view!
No target in view!
No target in view!
No target in view!
No target in view!
No target in view!
No target in view!
No target in view!
You open the door.
Found an escape hatch in the floor.
There is an open door here.
There is an open door here.
A frilled lizard comes into view.
The frilled lizard hisses angrily.
The frilled lizard closely misses you.
You hit the frilled lizard but do no damage.
Your grab misses the frilled lizard. Your squeeze misses the frilled lizard.
The frilled lizard barely misses you.
You miss the frilled lizard. Your grab misses the frilled lizard.
You squeeze the frilled lizard, but do no damage.
The frilled lizard bites you.
HP[-1]
You take 1 damage, and now have 17/18 hp.
You hit the frilled lizard.
You kill the frilled lizard!
No target in view!
No target in view!
No target in view!
No target in view!
There is an open door here.
A kobold comes into view.
It is wielding a +1 short sword of electrocution.
HP[+1]
Your hp is fully restored (18).
The kobold shouts!
The kobold hits you with a +1 short sword of electrocution.
You are electrocuted!!
Ouch! That really hurt!
You die...

Action                   || total
-------------------------++-------
Melee: Unarmed           ||    13
       Kick              ||     8
       Constrict         ||     6
       Tentacles         ||     3
       Short sword       ||    11
 Cast: Beastly Appendage ||    10
 Stab: Sleeping          ||     2
Armor: Skin              ||     2
Dodge: Dodged            ||     9

Levels and vault maps discovered:
D:1:      heliophobic_arrival_glass_houses, layout_basic,
          basic_ecumenical_altar, solitary_fountain

Notes
Turn   | Place    | Note
-------+----------+-------------------------------------------
     0 | D:1      | zeratav the Octopode Transmuter began the quest for the
                  | Orb.
     0 | D:1      | Reached XP level 1. HP: 13/13 MP: 3/3
     0 | D:1      | magus.rc [v1.9.6]
   184 | D:1      | Reached XP level 2. HP: 14/18 MP: 3/5
   308 | D:1      | Found a faded altar of an unknown god.
   708 | D:1      | Slain by a kobold

Vanquished Creatures
  3 endoplasms (D:1)
  A giant cockroach (D:1)
  A goblin (D:1)
  A hobgoblin (D:1)
  2 kobolds (D:1)
  A ball python (D:1)
  A bat (D:1)
  2 frilled lizards (D:1)
  2 rats (D:1)
14 creatures vanquished.

Table legend:
 A = Non-vault XP
 B = Vault XP
 C = Vault XP percentage of total XP
 D = Non-vault monster count
 E = Vault monster count
 F = Vault count percentage of total count
                 A         B        C        D         E       F
            +---------+---------+-------+---------+---------+-------
      Total |      22 |       0 |   0.0 |      14 |       0 |   0.0
            +---------+---------+-------+---------+---------+-------
        D:1 |      22 |       0 |   0.0 |      14 |       0 |   0.0
            +---------+---------+-------+---------+---------+-------

Illustrated notes

Table legend:
 A = Kills in this place as a percentage of kills in entire the game.
 B = Kills by you in this place as a percentage of kills by you in the entire game.
 C = Kills by friends in this place as a percentage of kills by friends in the entire game.
 D = Other kills in this place as a percentage of other kills in the entire game.
 E = Experience gained in this place as a percentage of experience gained in the entire game.
 F = Experience gained in this place divided by the number of levels of this place that you have seen.
                   A       B       C       D       E      F
               +-------+-------+-------+-------+-------+----------------------
         Total | 100.0 | 100.0 |   N/A |   N/A | 100.0 |  22.0
       Dungeon | 100.0 | 100.0 |   N/A |   N/A | 100.0 |  22.0
               +-------+-------+-------+-------+-------+----------------------

Table legend: (Time is in decaauts)
 A = Elapsed time spent in this place.
 B = Non-inter-level travel time spent in this place.
 C = Inter-level travel time spent in this place.
 D = Time resting spent in this place.
 E = Time spent auto-exploring this place.
 F = Levels seen in this place.
 G = Mean time per level.
                   A        B        C        D        E       F      G
               +--------+--------+--------+--------+--------+-----+--------+
         Total |    708 |    708 |      0 |      0 |    607 |   1 |  708.0 |
       Dungeon |    708 |    708 |      0 |      0 |    607 |   1 |  708.0 |
               +--------+--------+--------+--------+--------+-----+--------+

Top non-repeatable levels by time:
     D:1: 708 daAuts
